 Dungeon Sprint DCSS version 0.28.0-53-g5a82cb258f (webtiles) character file.

Game seed: 15718991387703098093

400632 Groucho the Naga Barricade (level 20, 0/212 HPs)
             Began as a Naga Fighter on Aug 21, 2022.
             Was a Priest of Cheibriados.
             Killed by divine providence
             ... invoked by a royal mummy
              (11 damage)
             ... in the Dungeon (Sprint IX: "|||||||||||||||||||||||||||||") on Aug 22, 2022.
             The game lasted 00:42:38 (17290 turns).

Groucho the Naga Barricade (Naga Fighter)          Turns: 17290, Time: 00:42:39

Health: 0/212      AC: 42    Str: 24      XL:     20   Next: 88%
Magic:  24/37      EV: 25    Int: 18 (20) God:    Cheibriados [***...]
Gold:   126        SH: 36    Dex: 27      Spells: 19/19 levels left

rFire   + . .      SeeInvis +   b - +3 war axe (vorpal)
rCold   + + .      Faith    .   I - +3 tower shield
rNeg    . . .      Spirit   .   J - +2 gold dragon scales
rPois   +          Reflect  +   C - +2 helmet {Int+3}
rElec   .          Harm     .   X - +2 cloak
rCorr   .          Rampage  .   q - +2 pair of gloves
Will    ++++.      Rage     3%  (no barding)
Stlth   .......... NoTele   +   V - amulet "Mosehad" {Reflect rC+ Will+ SH+5 Stlth+}
HPRegen 0.45/turn               r - +4 ring of evasion
MPRegen 0.25/turn               T - ring of the Wild Haggis {Will+ Str-3 Slay+6}

@: invisible, very slow
A: AC +6, large, see invisible, deformed body, poison resistance, slowness 2,
spit poison 1, naga tail 2, berserk 2, frail 1, screaming 1, MP-powered wands
}: 7/17 runes: decaying, serpentine, barnacled, slimy, elven, silver, gossamer
a: Spit Poison, Renounce Religion, Bend Time, Temporal Distortion


You were in the Dungeon.
You worshipped Cheibriados.
Cheibriados was most pleased with you.
You visited 1 branch You collected 1963 gold pieces.
You spent 1837 gold pieces at shops.

Inventory:

Hand Weapons
 b - a +3 vorpal war axe (weapon)
Missiles
 u - 4 boomerangs
 y - 2 throwing nets
 H - 6 silver javelins
 M - 3 javelins (quivered)
Armour
 q - a +2 pair of gloves (worn)
 C - a +2 helmet of intelligence (worn)
 I - a +3 tower shield (worn)
 J - +2 gold dragon scales (worn)
 W - the +15 Maxwell's patent armour {-Cast -Tele rElec Will+ rCorr}
   (You found it in the Dungeon)

   rElec:     It insulates you from electricity.
   -Cast:     It prevents spellcasting.
   -Tele:     It prevents most forms of teleportation.
   rCorr:     It protects you from acid and corrosion.
   Will:      It increases your willpower.
 X - a +2 cloak (worn)
Jewellery
 n - a +3 ring of dexterity
 o - a +3 ring of strength
 r - a +4 ring of evasion (left hand)
 B - a ring of willpower
 D - a +6 ring of dexterity
 E - a +2 ring of slaying
 F - a +6 ring of strength
 G - a ring of wizardry
 P - a ring of protection from cold
 R - the amulet of Miskac {Spirit SInv}
   (You found it in the Dungeon)

   [amulet of guardian spirit]

   It causes incoming damage to be divided between your reserves of health and
   magic.
   SInv:      It lets you see invisible.
 S - a +3 ring of slaying
 T - the ring of the Wild Haggis (right hand) {Will+ Str-3 Slay+6}
   (You found it in the Dungeon)

   [ring of willpower]

   Str:       It affects your strength (-3).
   Slay:      It affects your accuracy & damage with ranged weapons and melee
   (+6).
   Will:      It increases your willpower.
 U - the ring "Somutuushe" {rPois Will+ Dex+4}
   (You found it in the Dungeon)

   [ring of willpower]

   Dex:       It affects your dexterity (+4).
   rPois:     It protects you from poison.
   Will:      It increases your willpower.
 V - the amulet "Mosehad" (around neck) {Reflect rC+ Will+ SH+5 Stlth+}
   (You found it in the Dungeon)

   [amulet of reflection]

   It reflects blocked missile attacks.
   rC:        It protects you from cold.
   SH:        It affects your SH (+5).
   Will:      It increases your willpower.
   Stlth:     It makes you more stealthy.
Wands
 c - a wand of digging (6)
 k - a wand of iceblast (5)
 l - a wand of flame (13)
 N - a wand of acid (6)
Scrolls
 f - 13 scrolls of enchant weapon
 g - 5 scrolls of fear
 i - 2 scrolls of amnesia
 j - 3 scrolls of blinking
 p - 6 scrolls of identify
 L - 4 scrolls of fog
 O - a scroll of holy word {unknown}
Potions
 d - 4 potions of might
 h - 6 potions of magic
 m - a potion of lignification {unknown}
 s - a potion of degeneration
 v - 3 potions of mutation
 w - a potion of flight
 x - a potion of cancellation
 z - 2 potions of brilliance
 A - a potion of ambrosia
 K - a potion of berserk rage


   Skills:
 O Level 27 Fighting
 + Level 23.5 Axes
 * Level 21.0 Throwing
 O Level 27 Armour
 O Level 27 Dodging
 O Level 27 Shields
 + Level 16.6 Unarmed Combat
 O Level 27 Invocations


You had 19 spell levels left.
You didn't know any spells.
Your spell library contained the following spells:

 Spells                   Type           Power      Damage    Failure   Level
 Apportation              Tloc           0%         N/A       86%         1
 Static Discharge         Conj/Air       0%         N/A       94%         2
 Dispel Undead            Necr           0%         3d6       100%        4
 Leda's Liquefaction      Hex/Erth       0%         N/A       100%        4
 Sticky Flame             Conj/Fire      0%         2d3       100%        4
 Alistair's Intoxication  Tmut/Pois      0%         N/A       100%        5
 Lee's Rapid Deconstruct  Erth           0%         3d5*      100%        5
 Statue Form              Tmut/Erth      0%         N/A       100%        6


Dungeon Overview and Level Annotations

Branches:
Dungeon (1/1)

Altars:
Cheibriados
Dithmenos
Elyvilon
Fedhas
Gozag
Hepliaklqana
Kikubaaqudgha
Makhleb
Nemelex Xobeh
Okawaru
Qazlal
Ru
Sif Muna
Trog
Uskayaw
Vehumet
Wu Jian
Xom
Yredelemnul
Zin
The Shining One
Beogh
Jiyva
Lugonu

Shops:
D ![!*


Innate Abilities, Weirdness & Mutations

Your serpentine skin is tough. (AC +6)
You have supernaturally acute eyesight. (SInv)
Armour fits poorly on your strangely shaped body.
Your system is resistant to poisons. (rPois)
You cover ground very slowly.
You can spit poison.
You can use your snake-like lower body to constrict enemies.
You often lose your temper in combat.
You are frail. (-10% HP)
You occasionally shout uncontrollably at your foes.
You expend magic power (3 MP) to strengthen your wands.


Message History

The emperor scorpion's corpse disappears in a puff of smoke!
The royal mummy gestures wildly while chanting.
You feel better.
The royal mummy calls on the powers of darkness!
The emperor scorpion convulses!
Your body is wracked with pain!
* * * LOW HITPOINT WARNING * * *
The emperor scorpion convulses!
The emperor scorpion misses you. x2
You block the emperor scorpion's attack.
The royal mummy calls on the powers of darkness!
The emperor scorpion convulses! x2; Your body is wracked with pain!
* * * LOW HITPOINT WARNING * * *
Unknown command.
You feel better.
The royal mummy mumbles some strange words.
The royal mummy gestures wildly while chanting.
Unknown command.
Unknown command.
You slice the emperor scorpion!!
The emperor scorpion is almost dead.
You block the emperor scorpion's attack. x2
The emperor scorpion barely misses you.
You slash the emperor scorpion!
You kill the emperor scorpion!
The emperor scorpion's corpse disappears in a puff of smoke!
The royal mummy gestures wildly while chanting.
The royal mummy mumbles some strange words.
The royal mummy calls on the powers of darkness!
The emperor scorpion convulses! x2; Your body is wracked with pain!
* * * LOW HITPOINT WARNING * * *
You hit the emperor scorpion.
The emperor scorpion is heavily wounded.
The royal mummy casts a spell.
Unknown command.
You strike the helpless emperor scorpion from behind!
You slash the emperor scorpion!
The emperor scorpion is severely wounded.
You block the emperor scorpion's attack. x3
The royal mummy points at you and mumbles some strange words.
Something smites you!
You die...

▓.........'.........
▓▓▓▓▓▓▓▓▓▓▓▓▓▓▓▓▓▓▓▓
▓...................
▓.▓▓▓▓▓▓▓▓▓▓▓▓▓▓♣♣♣♣
▓.)))).)..)....)))))
▓▓▓▓▓▓▓▓▓▓▓▓▓▓▓▓♣♣♣♣
▓...................
▓.▓▓▓▓▓▓▓▓▓▓▓▓▓▓▓▓▓▓
▓..@sMMMsBB.s......+
▓▓▓▓▓▓▓▓▓▓▓▓▓▓▓▓▓▓▓▓


You could see 3 royal mummies, 2 emperor scorpions and 2 death scarabs.

Vanquished Creatures
  the Royal Jelly (D)
  9 ancient liches (D)
  Mara (D)
  4 orbs of fire (D)
  A royal mummy (D)
  Margery (D)
  Xtahua (D)
  Saint Roka (D)
  7 golden dragons (D)
  Nikola (D)
  A bone dragon (D)
  An electric golem (D)
  27 Orb Guardians (D)
  Rupert (D)
  2 deep elf blademasters (D)
  3 tentacled monstrosities (D)
  10 acid blobs (D)
  2 deep elf master archers (D)
  4 quicksilver dragons (D)
  A walking frostbound tome (D)
  2 death cobs (D)
  13 sphinxes (D)
  A tengu reaver (D)
  6 storm dragons (D)
  8 shadow dragons (D)
  4 azure jellies (D)
  A draconian monk (D)
  Agnes (D)
  2 nagarajas (D)
  8 rockslimes (D)
  4 fire giants (D)
  4 draconian knights (D)
  A frost giant (D)
  3 deep elf sorcerers (D)
  5 vault wardens (D)
  6 emperor scorpions (D)
  2 ghost moths (D)
  Louise (D)
  2 draconian scorchers (D)
  Aizul (D)
  4 quicksilver oozes (D)
  6 very ugly things (D)
  A war gargoyle (D)
  A broodmother (D)
  2 ironbound preservers (D)
  7 vampire knights (D)
  5 stone giants (D)
  An entropy weaver (shapeshifter) (D)
  3 deep elf demonologists (D)
  Azrael (D)
  An entropy weaver (D)
  3 red draconians (D)
  An eleionoma (D)
  8 purple draconians (D)
  A green draconian (D)
  A bunyip (D)
  A deep elf annihilator (D)
  2 white draconians (D)
  5 yellow draconians (D)
  2 ettins (D)
  3 mummy priests (D)
  3 merfolk impalers (D)
  3 deep elf death magi (D)
  5 merfolk javelineers (D)
  4 yaktaur captains (D)
  4 fire dragons (D)
  Harold (D)
  2 great orbs of eyes (D)
  2 deep elf high priests (D)
  2 ice dragons (D)
  2 rakshasas (D)
  26 vault guards (D)
  A boulder beetle (D)
  8 hydras (D)
  5 naga warriors (D)
  A satyr (D)
  A spriggan air mage (D)
  An ironbound frostheart (D)
  2 centaur warriors (D)
  3 deep troll shamans (D)
  A two-headed ogre (D)
  A merfolk avatar (D)
  2 merfolk aquamancers (D)
  A spriggan berserker (D)
  3 deep troll earth magi (D)
  A dancing weapon (D)
  An orc high priest (D)
  A shock serpent (D)
  6 hell knights (D)
  A salamander mystic (D)
  A pharaoh ant (D)
  A sea snake (D)
  A sun moth (D)
  A naga ritualist (D)
  A steelbarb worm (D)
  A bog body (D)
  3 glowing orange brains (D)
  2 goliath frogs (D)
  An orb spider (D)
  4 swamp dragons (D)
  2 ironbound convokers (D)
  A lindwurm (D)
  2 wizards (D)
  A necromancer (D)
  2 wolf spiders (D)
  An oklob plant (D)
  A will-o-the-wisp (D)
  4 orc sorcerers (D)
  7 orc knights (D)
  A deep elf pyromancer (D)
  An ugly thing (D)
  8 moths of wrath (D)
  3 manticores (D)
  2 cyclopes (D)
  2 water nymphs (D)
  3 guardian serpents (D)
  Maurice (D)
  5 black mambas (D)
  5 naga magi (D)
  4 vault sentinels (D)
  3 cane toads (D)
  Psyche (D)
  2 rime drakes (D)
  A kobold demonologist (D)
  19 guardian mummies (D)
  A bloated husk (D)
  2 trolls (D)
  2 merfolk (D)
  3 hornets (D)
  2 blink frogs (D)
  3 tarantellas (D)
  A snapping turtle (D)
  A slime creature (D)
  2 jumping spiders (D)
  2 vampires (D)
  A yak (D)
  14 spriggans (D)
  3 basilisks (D)
  2 golden eyes (D)
  A fire elemental (D)
  2 wargs (D)
  An acid dragon (D)
  3 water moccasins (D)
  2 hell hounds (D)
  10 orc warriors (D)
  2 swamp drakes (D)
  6 wolves (D)
  2 centaurs (D)
  3 bullfrogs (D)
  A howler monkey (D)
  5 orc priests (D)
  2 orc wizards (D)
  An adder (D)
  An adder zombie (D)
  A dart slug (D)
  15 orcs (D)
  A bat zombie (D)
  An endoplasm (D)
  A jackal (D)
  A ball python skeleton (D)
  A ball python zombie (D)
  A frilled lizard (D)
  A giant cockroach zombie (D)
  A rat (D)
  A foxfire (D)
511 creatures vanquished.

Vanquished Creatures (others)
  Ilsuiw (D)
  A peacekeeper (D)
  An orc (D)
3 creatures vanquished.

Grand Total: 514 creatures vanquished

Notes
Turn   | Place    | Note
-------+----------+-------------------------------------------
     0 | D        | Groucho the Naga Fighter began the quest for the Orb.
     0 | D        | Reached XP level 1. HP: 21/21 MP: 1/1
    14 | D        | Reached XP level 2. HP: 24/28 MP: 2/2
    49 | D        | Found a snail-covered altar of Cheibriados.
    49 | D        | Found a shadowy altar of Dithmenos.
    49 | D        | Found a white marble altar of Elyvilon.
    49 | D        | Found a blossoming altar of Fedhas.
    49 | D        | Found an opulent altar of Gozag.
    72 | D        | Found a hazy altar of Hepliaklqana.
    73 | D        | Found a viscous altar of Jiyva.
    74 | D        | Found an ancient bone altar of Kikubaaqudgha.
    75 | D        | Became a worshipper of Cheibriados the Contemplative
    76 | D        | Found a corrupted altar of Lugonu.
    77 | D        | Found a burning altar of Makhleb.
    78 | D        | Found a sparkling altar of Nemelex Xobeh.
    79 | D        | Found an iron altar of Okawaru.
    80 | D        | Found a stormy altar of Qazlal.
    81 | D        | Found a sacrificial altar of Ru.
    82 | D        | Found a shimmering blue altar of Sif Muna.
    83 | D        | Found a bloodstained altar of Trog.
    84 | D        | Found a hide-covered altar of Uskayaw.
    85 | D        | Found a radiant altar of Vehumet.
    86 | D        | Found an ornate altar of the Wu Jian Council.
    87 | D        | Found a shimmering altar of Xom.
    88 | D        | Found a basalt altar of Yredelemnul.
    89 | D        | Found a glowing silver altar of Zin.
    90 | D        | Found a glowing golden altar of the Shining One.
   150 | D        | Noticed a howler monkey
   150 | D        | Noticed a kobold demonologist
   150 | D        | Noticed a vampire
   150 | D        | Noticed a troll
   150 | D        | Noticed a centaur
   160 | D        | Killed a howler monkey
   161 | D        | Reached XP level 3. HP: 35/37 MP: 2/4
   161 | D        | Reached XP level 4. HP: 42/45 MP: 2/5
   164 | D        | Killed a kobold demonologist
   164 | D        | Reached * piety under Cheibriados
   165 | D        | Reached skill level 5 in Armour
   165 | D        | Reached skill level 5 in Shields
   165 | D        | Reached skill level 5 in Invocations
   165 | D        | Reached XP level 5. HP: 54/56 MP: 2/9
   165 | D        | Reached XP level 6. HP: 60/63 MP: 2/10
   170 | D        | Reached ** piety under Cheibriados
   173 | D        | Killed a troll
   174 | D        | Reached XP level 7. HP: 48/73 MP: 3/12
   178 | D        | Killed a vampire
   178 | D        | Reached *** piety under Cheibriados
   307 | D        | Noticed a basilisk
   307 | D        | Noticed a vampire
   307 | D        | Noticed a two-headed ogre
   307 | D        | Noticed a slime creature
   335 | D        | Killed a basilisk
   336 | D        | Reached XP level 8. HP: 58/82 MP: 13/13
   348 | D        | HP: 2/82 [vampire/vampiric draining (20)]
   357 | D        | Killed a vampire
   357 | D        | Reached **** piety under Cheibriados
   361 | D        | Killed a two-headed ogre
   362 | D        | Reached XP level 9. HP: 63/92 MP: 15/15
   369 | D        | Reached ***** piety under Cheibriados
   673 | D        | Noticed a rime drake
   673 | D        | Noticed a black mamba
   674 | D        | Killed a rime drake
   674 | D        | Killed a black mamba
   675 | D        | Reached skill level 10 in Fighting
   675 | D        | Reached skill level 10 in Axes
   675 | D        | Noticed an oklob plant
   677 | D        | Reached skill level 10 in Invocations
   677 | D        | Reached ****** piety under Cheibriados
   694 | D        | Killed an oklob plant
   695 | D        | Reached XP level 10. HP: 49/102 MP: 17/17
  1154 | D        | Noticed an eight-headed hydra
  1154 | D        | Noticed a cane toad
  1157 | D        | Killed a cane toad
  1157 | D        | Noticed a cane toad
  1158 | D        | Reached skill level 5 in Dodging
  1158 | D        | Killed a nine-headed hydra
  1159 | D        | Noticed a cane toad
  1169 | D        | Killed a cane toad
  1170 | D        | Reached skill level 10 in Armour
  1170 | D        | Reached skill level 10 in Shields
  1170 | D        | Killed a cane toad
  1354 | D        | Reached XP level 11. HP: 107/111 MP: 16/19
  1470 | D        | Noticed an orc knight
  1476 | D        | Killed an orc knight
  1524 | D        | Noticed an orc high priest
  1529 | D        | Noticed a soul eater
  1532 | D        | Killed an orc high priest
  1588 | D        | Found Owuevax's Distillery.
  1588 | D        | Noticed an orc knight
  1588 | D        | Noticed an orc knight
  1588 | D        | Noticed an orc sorcerer
  1588 | D        | Noticed an orc knight
  1588 | D        | Noticed an orc sorcerer
  1589 | D        | Noticed an orc sorcerer
  1596 | D        | Killed an orc knight
  1596 | D        | Killed an orc sorcerer
  1596 | D        | Killed an orc sorcerer
  1596 | D        | Killed an orc sorcerer
  1597 | D        | Killed an orc knight
  1597 | D        | Killed an orc knight
  1636 | D        | Found Mediusk's Antique Armour Shoppe.
  1640 | D        | Found Hukie's Distillery.
  1644 | D        | Found Jocablixt's Assorted Antiques.
  1647 | D        | Noticed an orc knight
  1650 | D        | Noticed an orc knight
  1655 | D        | Killed an orc knight
  1655 | D        | Killed an orc knight
  1708 | D        | Bought a pair of embroidered gloves for 165 gold pieces
  1708 | D        | Bought a scroll of enchant weapon for 165 gold pieces
  1708 | D        | Bought a potion of heal wounds for 110 gold pieces
  1710 | D        | Bought a potion of degeneration for 13 gold pieces
  1710 | D        | Bought a potion of invisibility for 104 gold pieces
  1710 | D        | Bought a potion of heal wounds for 65 gold pieces
  1712 | D        | Bought a runed plate armour for 676 gold pieces
  1736 | D        | Bought an amethyst potion for 19 gold pieces
  1736 | D        | Bought a scroll of identify for 44 gold pieces
  1742 | D        | Bought a potion of mutation for 96 gold pieces
  1742 | D        | Bought a potion of flight for 36 gold pieces
  1742 | D        | Bought a potion of cancellation for 96 gold pieces
  1742 | D        | Bought a potion of brilliance for 48 gold pieces
  1742 | D        | Bought a potion of ambrosia for 96 gold pieces
  1746 | D        | Bought a potion of mutation for 104 gold pieces
  1801 | D        | Noticed Harold
  1811 | D        | Killed Harold
  2037 | D        | Noticed a centaur warrior
  2037 | D        | Noticed a seven-headed hydra
  2037 | D        | Noticed a cyclops
  2037 | D        | Noticed an orc knight
  2037 | D        | Noticed a deep elf pyromancer
  2038 | D        | Noticed a red ugly thing
  2040 | D        | Killed a centaur warrior
  2040 | D        | Killed a deep elf pyromancer
  2041 | D        | Reached XP level 12. HP: 117/122 MP: 10/21
  2041 | D        | Killed a seven-headed hydra
  2042 | D        | Noticed a deep troll earth mage
  2044 | D        | Noticed a deep troll earth mage
  2049 | D        | Killed a deep troll earth mage
  2054 | D        | Killed a deep troll earth mage
  2055 | D        | Noticed a red very ugly thing
  2056 | D        | Noticed a fire dragon
  2060 | D        | Noticed a great orb of eyes
  2063 | D        | Noticed a rakshasa
  2066 | D        | Killed a red very ugly thing
  2079 | D        | Killed a fire dragon
  2083 | D        | Killed a great orb of eyes
  2084 | D        | Reached skill level 10 in Dodging
  2089 | D        | Killed a rakshasa
  2334 | D        | Noticed Aizul
  2342 | D        | Killed Aizul
  2343 | D        | Reached skill level 15 in Axes
  2547 | D        | Noticed Maurice
  2558 | D        | Killed Maurice
  2616 | D        | Noticed a merfolk javelineer
  2620 | D        | Killed a merfolk javelineer
  2621 | D        | Gained mutation: You can use your snake-like lower body to
                  | constrict enemies. [Naga growth]
  2621 | D        | Reached XP level 13. HP: 132/133 MP: 6/23
  3235 | D        | Noticed an entropy weaver
  3236 | D        | Noticed a broodmother
  3252 | D        | Killed an entropy weaver
  3253 | D        | Killed a broodmother
  3644 | D        | Noticed a bunyip
  3652 | D        | Killed a bunyip
  4228 | D        | Noticed Psyche
  4234 | D        | Killed Psyche
  4288 | D        | Noticed a fire dragon
  4288 | D        | Noticed a stone giant
  4288 | D        | Noticed an ice dragon
  4288 | D        | Noticed a fire giant
  4288 | D        | Noticed an ice dragon
  4296 | D        | Killed a fire dragon
  4296 | D        | Noticed a rakshasa
  4302 | D        | Noticed a stone giant
  4302 | D        | Killed a stone giant
  4302 | D        | Killed an ice dragon
  4302 | D        | Killed a fire giant
  4302 | D        | Killed an ice dragon
  4302 | D        | Killed a rakshasa
  4303 | D        | Reached skill level 15 in Armour
  4303 | D        | Reached skill level 15 in Shields
  4303 | D        | Reached XP level 14. HP: 116/145 MP: 5/25
  4309 | D        | Killed a stone giant
  4310 | D        | Reached skill level 15 in Invocations
  4333 | D        | Noticed a broodmother
  4333 | D        | a jorogumo changed into a broodmother
  4334 | D        | Noticed an entropy weaver
  4334 | D        | a broodmother changed into an entropy weaver
  4340 | D        | Killed an entropy weaver
  4550 | D        | Noticed a brown very ugly thing
  4550 | D        | Noticed a red very ugly thing
  4552 | D        | Noticed a green very ugly thing
  4556 | D        | Killed a red very ugly thing
  4558 | D        | Killed a green very ugly thing
  4558 | D        | Killed a green very ugly thing
  4782 | D        | Noticed a white very ugly thing
  4787 | D        | Reached skill level 15 in Fighting
  4787 | D        | Killed a white very ugly thing
  4789 | D        | Noticed a brown very ugly thing
  4789 | D        | Noticed a vault warden
  4797 | D        | Noticed an ironbound preserver
  4800 | D        | Killed a brown very ugly thing
  4807 | D        | Killed a vault warden
  4810 | D        | Noticed a vault warden
  4815 | D        | Noticed a sphinx
  4816 | D        | Killed an ironbound preserver
  4847 | D        | Killed a vault warden
  4854 | D        | Killed a sphinx
  4864 | D        | Noticed an ironbound preserver
  4874 | D        | Killed an ironbound preserver
  4875 | D        | Reached XP level 15. HP: 73/154 MP: 27/27
  5109 | D        | Noticed Nikola
  5118 | D        | Killed Nikola
  5119 | D        | Reached skill level 15 in Dodging
  5729 | D        | Noticed Mara
  5730 | D        | Noticed Groucho's illusion
  5762 | D        | Killed Mara
  6042 | D        | Noticed Azrael
  6049 | D        | Killed Azrael
  6052 | D        | Noticed Saint Roka
  6071 | D        | Killed Saint Roka
  7367 | D        | Got a decaying rune of Zot
  7375 | D        | Noticed Ilsuiw
  7384 | D        | Killed Ilsuiw
  7404 | D        | Got a barnacled rune of Zot
  7718 | D        | Noticed an emperor scorpion
  7718 | D        | Noticed a ghost moth
  7718 | D        | Noticed an emperor scorpion
  7728 | D        | Killed an emperor scorpion
  7729 | D        | Noticed an emperor scorpion
  7730 | D        | Killed a ghost moth
  7743 | D        | Killed an emperor scorpion
  7759 | D        | Killed an emperor scorpion
  8270 | D        | Noticed an emperor scorpion
  8271 | D        | Noticed a ghost moth
  8280 | D        | Killed an emperor scorpion
  8282 | D        | Killed a ghost moth
  8283 | D        | Noticed an emperor scorpion
  8284 | D        | Noticed an emperor scorpion
  8296 | D        | Killed an emperor scorpion
  8307 | D        | Killed an emperor scorpion
  8308 | D        | Reached XP level 16. HP: 76/169 MP: 6/29
  8310 | D        | Got a gossamer rune of Zot
  8861 | D        | Noticed a nagaraja
  8863 | D        | Killed a nagaraja
  8865 | D        | Noticed a nagaraja
  8871 | D        | Killed a nagaraja
  8914 | D        | Got a serpentine rune of Zot
  9233 | D        | Noticed Agnes
  9243 | D        | Killed Agnes
  9489 | D        | Noticed an ancient lich
  9490 | D        | Noticed a tengu reaver
  9493 | D        | Killed a tengu reaver
  9494 | D        | Killed an ancient lich
  9497 | D        | Noticed a shadow dragon
  9499 | D        | Noticed a shadow dragon
  9524 | D        | Killed a shadow dragon
  9539 | D        | Killed a shadow dragon
  9545 | D        | Reached XP level 17. HP: 147/183 MP: 21/31
  9611 | D        | Noticed a golden dragon
  9615 | D        | Noticed a tentacled monstrosity
  9623 | D        | Killed a tentacled monstrosity
  9625 | D        | Killed a golden dragon
 10029 | D        | Got a silver rune of Zot
 10042 | D        | Noticed Rupert
 10042 | D        | Paralysed by Rupert for 6 turns
 10056 | D        | Killed Rupert
 10134 | D        | Got the amulet of Miskac {Spirit SInv}
 10138 | D        | Got the ring of the Wild Haggis {Will+ Str-3 Slay+6}
 10140 | D        | Got the ring "Somutuushe" {rPois Will+ Dex+4}
 10142 | D        | Got the amulet "Mosehad" {Reflect rC+ Will+ SH+5 Stlth+}
 10158 | D        | Found the +15 Maxwell's patent armour {-Cast -Tele rElec
                  | Will+ rCorr}
 10268 | D        | Noticed Louise
 10269 | D        | Noticed Xtahua
 10276 | D        | Killed Louise
 10294 | D        | Killed Xtahua
 10455 | D        | Noticed Margery
 10471 | D        | Killed Margery
 10704 | D        | Noticed a walking frostbound tome
 10729 | D        | Killed a walking frostbound tome
 10740 | D        | Noticed a golden dragon
 10740 | D        | Noticed a bone dragon
 10740 | D        | Noticed a golden dragon
 10776 | D        | Killed a bone dragon
 10780 | D        | Killed a golden dragon
 10797 | D        | Killed a golden dragon
 11140 | D        | Noticed a quicksilver dragon
 11140 | D        | Noticed a death cob
 11140 | D        | Noticed a golden dragon
 11143 | D        | Killed a quicksilver dragon
 11143 | D        | Killed a death cob
 11151 | D        | Killed a golden dragon
 11152 | D        | Reached XP level 18. HP: 184/199 MP: 18/33
 11161 | D        | Noticed a quicksilver dragon
 11161 | D        | Noticed a tentacled monstrosity
 11186 | D        | Killed a tentacled monstrosity
 11193 | D        | Killed a quicksilver dragon
 11948 | D        | Noticed a quicksilver dragon
 11950 | D        | Killed a quicksilver dragon
 12156 | D        | Noticed an Orb Guardian
 12156 | D        | Noticed an Orb Guardian
 12156 | D        | Noticed an Orb Guardian
 12156 | D        | Noticed an Orb Guardian
 12156 | D        | Noticed an Orb Guardian
 12156 | D        | Noticed an Orb Guardian
 12164 | D        | Killed an Orb Guardian
 12165 | D        | Noticed an Orb Guardian
 12176 | D        | Killed an Orb Guardian
 12184 | D        | Killed an Orb Guardian
 12198 | D        | Killed an Orb Guardian
 12206 | D        | Killed an Orb Guardian
 12212 | D        | Killed an Orb Guardian
 12223 | D        | Killed an Orb Guardian
 12285 | D        | Noticed an Orb Guardian
 12286 | D        | Noticed an Orb Guardian
 12294 | D        | Killed an Orb Guardian
 12303 | D        | Killed an Orb Guardian
 12334 | D        | Noticed an Orb Guardian
 12342 | D        | Killed an Orb Guardian
 12349 | D        | Noticed a tentacled monstrosity
 12349 | D        | Noticed an Orb Guardian
 12349 | D        | Noticed an Orb Guardian
 12353 | D        | Noticed an Orb Guardian
 12361 | D        | Killed a tentacled monstrosity
 12362 | D        | Noticed an Orb Guardian
 12364 | D        | Killed an Orb Guardian
 12364 | D        | Killed an Orb Guardian
 12364 | D        | Killed an Orb Guardian
 12365 | D        | Killed an Orb Guardian
 12741 | D        | Noticed an ancient lich
 12750 | D        | Killed an ancient lich
 12957 | D        | Noticed an orb of fire
 12958 | D        | Gained mutation: You tend to lose your temper in combat.
                  | [an orb of fire]
 12962 | D        | Gained mutation: You are frail. (-10% HP) [an orb of fire]
 12967 | D        | Gained mutation: You are dopey. (Int -2) [an orb of fire]
 12969 | D        | Gained mutation: You sometimes lose the ability to read
                  | scrolls when taking damage. [an orb of fire]
 12977 | D        | Killed an orb of fire
 13408 | D        | Noticed an electric golem
 13424 | D        | Killed an electric golem
 13425 | D        | Reached XP level 19. HP: 171/194 MP: 35/35
 13428 | D        | Noticed an orb of fire
 13428 | D        | Noticed a golden dragon
 13428 | D        | Noticed an ancient lich
 13428 | D        | Noticed an orb of fire
 13428 | D        | Noticed an ancient lich
 13428 | D        | Noticed a golden dragon
 13428 | D        | Gained mutation: You often lose your temper in combat. [an
                  | orb of fire]
 13430 | D        | Gained mutation: You occasionally shout uncontrollably at
                  | your foes. [an orb of fire]
 13431 | D        | Killed an orb of fire
 13431 | D        | Killed an ancient lich
 13432 | D        | Noticed an orb of fire
 13432 | D        | Killed an ancient lich
 13432 | D        | Killed an orb of fire
 13432 | D        | Killed a golden dragon
 13434 | D        | Noticed an ancient lich
 13434 | D        | Noticed a golden dragon
 13437 | D        | Killed an orb of fire
 13437 | D        | Killed a golden dragon
 13439 | D        | Killed an ancient lich
 13440 | D        | Killed a golden dragon
 14000 | D        | Reached skill level 27 in Armour
 14000 | D        | Reached skill level 27 in Shields
 14114 | D        | Reached skill level 27 in Fighting
 14199 | D        | Noticed an ancient lich
 14199 | D        | Noticed an ancient lich
 14200 | D        | Noticed an ancient lich
 14207 | D        | Killed an ancient lich
 14208 | D        | Reached skill level 27 in Dodging
 14211 | D        | Reached skill level 27 in Invocations
 14211 | D        | Reached skill level 1 in Throwing
 14218 | D        | Killed an ancient lich
 14219 | D        | Reached skill level 5 in Throwing
 14219 | D        | Noticed an ancient lich
 14221 | D        | Killed an ancient lich
 14223 | D        | Reached XP level 20. HP: 202/212 MP: 22/37
 14223 | D        | Killed an ancient lich
 14224 | D        | Reached skill level 10 in Throwing
 14305 | D        | Noticed a Tzitzimitl
 14322 | D        | Reached skill level 10 in Unarmed Combat
 14326 | D        | Noticed a Brimstone Fiend
 14340 | D        | Got an elven rune of Zot
 14894 | D        | Reached skill level 15 in Throwing
 14894 | D        | Noticed the Royal Jelly
 14903 | D        | Killed the Royal Jelly
 15522 | D        | Got a slimy rune of Zot
 15698 | D        | Reached skill level 15 in Unarmed Combat
 16573 | D        | Lost mutation: You are dopey. (Int -2) [potion of mutation]
 16573 | D        | Lost mutation: You sometimes lose the ability to read
                  | scrolls when taking damage. [potion of mutation]
 16573 | D        | Gained mutation: You expend magic power (3 MP) to
                  | strengthen your wands. [potion of mutation]
 17242 | D        | Noticed a royal mummy
 17242 | D        | Noticed a royal mummy
 17242 | D        | Noticed a royal mummy
 17242 | D        | Noticed a royal mummy
 17248 | D        | HP: 9/212 [??? (6)]
 17278 | D        | Killed a royal mummy
 17285 | D        | HP: 9/212 [??? (7)]
 17290 | D        | Killed from afar by a royal mummy

Illustrated notes

Levels and vault maps discovered:
D:        linesprint [early_d, line_temple, items_1, d_10, items_2, lair_1,
          lair_end, items_3, orc_1, orc_end, items_4, d_15, swamp_1, shoals_1,
          snake_1, spider_1, d_20, vaults_1, items_5, swamp_end, shoals_end,
          snake_end, spider_end, vaults_end, d_27, items_6, zot_1, zot_end,
          crypt_end, forest_end, elf_end, slime_end, tomb_end, abyss_end,
          pan_hell_end]

Skill      XL: |  1  2  3  4  5  6  7  8  9 10 11 12 13 14 15 16 17 18 19 20 |
---------------+-------------------------------------------------------------+-----
Axes           | 4 6 7 8 9 10 12 13 15 17 18 19 23 | 23.5
Armour         | 3 5 6 7 9 10 11 13 15 16 19 21 23 25 27 | 27.0
Shields        | 3 5 6 7 9 10 11 13 15 16 19 21 23 25 27 | 27.0
Fighting       | 4 6 7 8 9 10 11 12 13 14 15 17 19 21 24 27 | 27.0
Invocations    | 2 5 7 9 10 11 12 13 14 16 18 20 22 24 27 | 27.0
Dodging        | 3 6 8 10 12 14 17 20 22 24 27 | 27.0
Throwing       | 8 21 | 21.0
Unarmed Combat | 6 16 | 16.6

Action                   |  1- 3 |  4- 6 |  7- 9 | 10-12 | 13-15 | 16-18 | 19-21 || total
-------------------------+-------+-------+-------+-------+-------+-------+-------++-------
Melee: War axe           |    40 |    10 |    44 |   121 |   350 |   681 |   293 ||  1539
       Constrict         |       |       |       |       |    40 |    76 |    30 ||   146
Invok: Slouch            |       |       |     1 |    25 |    49 |    32 |    53 ||   160
       Bend Time         |       |       |       |       |       |       |     1 ||     1
Evoke: Wand              |       |       |     1 |       |    10 |       |       ||    11
  Use: Potion            |     3 |       |    11 |     3 |     6 |       |    17 ||    40
       Scroll            |       |     1 |       |       |     2 |       |     3 ||     6
 Stab: Invisible         |     1 |     3 |       |       |       |       |     1 ||     5
Armor: Scale mail        |     7 |       |       |       |       |       |       ||     7
       Chain mail        |     6 |    11 |    17 |    14 |       |       |       ||    48
       Plate armour      |       |       |       |    31 |    82 |       |       ||   113
       Gold dragon scale |       |       |       |       |   114 |    91 |    25 ||   230
Dodge: Dodged            |     9 |     7 |    19 |    51 |   265 |   192 |   121 ||   664
Block: Buckler           |     6 |     7 |    15 |    60 |    87 |       |       ||   175
       Tower shield      |       |       |       |       |   323 |   650 |   371 ||  1344
       Reflection        |       |       |       |       |       |     2 |    16 ||    18
